 Seeded DCSS version 0.24.0 (webtiles) character file.

Game seed: 46, levelgen mode: deterministic

201 Buxparty the Shield-Bearer (level 5, 0/33 HPs)
             Began as a Gargoyle Fighter on Feb 19, 2020.
             Killed from afar by an orc wizard (7 damage)
             ... with a magic dart
             ... on level 3 of the Dungeon.
             The game lasted 00:06:31 (2204 turns).

Buxparty the Shield-Bearer (Gargoyle Fighter)       Turns: 2204, Time: 00:06:31

Health: 0/33       AC: 11    Str: 21    XL:     5   Next: 79%
Magic:  5/5        EV:  7    Int:  8    God:
Gold:   140        SH:  9    Dex:  9    Spells: 4/4 levels left

rFire    . . .     SeeInvis .   a - +0 trident
rCold    . . .     Gourm    .   c - +0 shield
rNeg     + . .     Faith    .   b - +0 scale mail
rPois    ∞         Spirit   .   (no helmet)
rElec    +         Reflect  .   (no cloak)
rCorr    .         Harm     .   (no gloves)
MR       .....     Rnd*Tele +   (no boots)
Stlth    ..........             (no amulet)
HPRegen  0.11/turn              l - ring of teleportation (curse)
MPRegen  0.09/turn              (no ring)

@: no status effects
A: negative energy resistance 1, electricity resistance, unbreathing,
petrification resistance, rot immunity, AC +4
a: no special abilities


You were on level 3 of the Dungeon.
You were not hungry.

You visited 1 branch of the dungeon, and saw 3 of its levels.

You collected 140 gold pieces.

Inventory:

Hand Weapons
 a - a +0 trident (weapon)
Armour
 b - a +0 scale mail (worn)
 c - a +0 shield (worn)
Jewellery
 l - a cursed ring of teleportation (left hand)
Scrolls
 e - 2 scrolls of fear {unknown}
 h - 3 scrolls of identify {unknown}
 j - 2 scrolls of fog {unknown}
 m - a scroll of remove curse {unknown}
 p - 2 scrolls of enchant weapon {unknown}
 q - a scroll of immolation {unknown}
Potions
 d - a potion of brilliance {unknown}
 g - a potion of haste {unknown}
 i - 2 potions of lignification {unknown}
 k - a potion of resistance {unknown}
 n - a potion of flight {unknown}
 o - a potion of agility {unknown}
 r - a potion of cancellation {unknown}
 s - 2 potions of ambrosia {unknown}
Comestibles
 f - 10 rations


   Skills:
 + Level 4.2 Fighting
 * Level 3.5 Polearms
 + Level 4.2 Armour
 + Level 4.3 Shields


You had 4 spell levels left.
You didn't know any spells.
Your spell library was empty.

Dungeon Overview and Level Annotations

Branches:
Dungeon (3/15)

Altars:
Elyvilon

Annotations:
D:3 1 runed translucent door


Innate Abilities, Weirdness & Mutations

You are resistant to torment.
Your stone body is resilient. (AC +4)
You are immune to poison.
You resist negative energy. (rN+)
You are resistant to electric shocks. (rElec)
You can survive without breathing.
You are immune to petrification.
You are immune to rotting.


Message History

The orc wizard mumbles some strange words.
The orc wizard blinks!
The orc wizard hits you but does no damage.
You block the frilled lizard's attack.
The orc hits you from afar with a +0 trident.
* * * LOW HITPOINT WARNING * * *
The orc wizard mumbles some strange words.
The orc wizard blinks!
The dart slug bites you but does no damage.
You are too injured to fight recklessly!
You are too injured to fight recklessly!
Attack whom?
Press: ? - help, Dir - move target cursor, f - orc wizard, p - orc wizard
Aim: an orc wizard, wielding a +0 dagger and wearing a +0 robe (fast)
You reach to attack!
You hit the orc wizard but do no damage.
The frilled lizard closely misses you.
The orc wizard gestures at you while chanting.
The magic dart hits you!
You die...

#..# ..?....# ##.## .......#
#..# #......# ##.#
####......# #†## .........#
#..# #?.o.o..# ##.# #.)lw...#
#.# #.§@....# #.##
#.......#########.##
#...o.............##
#..................#
##'####...........#.#
#########....................
........)........<.........#.
#########.........#####....#.
#.........# ######.


You could see 2 orc wizards, a dart slug, an orc and a frilled lizard.

Vanquished Creatures
  8 gnolls (D:3)
  An adder (D:3)
  An adder skeleton (D:3)
  5 worms
  8 leopard geckos
  5 orcs (D:3)
  4 bats
  5 giant cockroaches
  3 hobgoblins
  14 jackals
  4 frilled lizards
  8 goblins
  12 kobolds
  4 rats
82 creatures vanquished.

Notes
Turn   | Place    | Note
-------+----------+-------------------------------------------
     0 | D:1      | Buxparty the Gargoyle Fighter began the quest for the Orb.
     0 | D:1      | Reached XP level 1. HP: 14/14 MP: 1/1
   246 | D:1      | Reached XP level 2. HP: 16/19 MP: 2/2
   729 | D:1      | Reached XP level 3. HP: 23/23 MP: 3/3
  1408 | D:3      | Reached XP level 4. HP: 26/29 MP: 4/4
  1414 | D:3      | Found a white marble altar of Elyvilon.
  1414 | D:3      | Noticed an angel
  1415 | D:3      | Found a runed translucent door.
  1598 | D:3      | Reached XP level 5. HP: 9/33 MP: 5/5
  2204 | D:3      | Killed from afar by an orc wizard

Levels and vault maps discovered:
D:1:      minmay_arrival_four_circles, layout_basic
D:2:      layout_loops_ring
D:3:      lemuel_castle_with_subvaults [lemuel_castle_interior_carwin_1],
          layout_basic, gammafunk_temple_overflow_elements, first_ration,
          lemuel_angel_altar
